 Dungeon Crawl Stone Soup version 0.17-a0-484-g0e03f6a (webtiles) character file.

37 DeadSlay the Conjurer (level 3, -1/20 HPs)
             Began as a Gargoyle Conjurer on Apr 10, 2015.
             Slain by a goblin
             ... wielding a +0 dagger
             ... led by Robin
              (2 damage)
             ... on level 2 of the Dungeon.
             The game lasted 00:05:02 (1662 turns).

DeadSlay the Conjurer (Gargoyle Conjurer)           Turns: 1662, Time: 00:05:02

Health: -1/20      AC:  0    Str:  4    XL:     3   Next: 41%
Magic:  5/6        EV: 19    Int: 18    God:
Gold:   81         SH:  0    Dex: 15    Spells: 1 memorised, 6 levels left

rFire  . . .     SeeInvis .     (weapon currently unavailable)
rCold  . . .     Clarity  .     (armour currently unavailable)
rNeg   + . .     SustAb   .     (shield currently unavailable)
rPois  ∞         Gourm    .     (helmet currently unavailable)
rElec  .         Spirit   .     (cloak currently unavailable)
rCorr  .         Warding  .     (gloves currently unavailable)
rMut   .         Stasis   .     (boots currently unavailable)
MR     .....                    (no amulet)
Stlth  ++........               (ring currently unavailable)
                                (ring currently unavailable)

@: bat-form, flying, very quick, not resistant to hostile enchantments,
unstealthy
A: clever 1, negative energy resistance 1, (electricity resistance), weak 1,
(unbreathing), petrification resistance, no device heal 1, rot immunity, AC +3
a: no special abilities


You were on level 2 of the Dungeon.
You were hungry.
You were in bat-form.
You visited 1 branch of the dungeon, and saw 2 of its levels.

You collected 81 gold pieces.

Inventory:

Hand weapons
 f - a +0 spear (melded)
Armour
 a - a +0 robe (melded)
Jewellery
 j - a +1 ring of evasion {unknown}
 p - an uncursed ring of protection from cold {unknown}
Magical devices
 m - a wand of digging (13)
Scrolls
 i - a scroll of fog {unknown}
 l - a scroll of teleportation {unknown}
 n - a scroll of enchant armour {unknown}
Books
 c - a book of Conjurations

   Spells                             Type                      Level
   a - Magic Dart                     Conjuration                  1
   b - Searing Ray                    Conjuration                  2
   c - Dazzling Spray                 Conjuration/Hexes            3
   d - Fulminant Prism                Conjuration/Hexes            4
   e - Iskenderun's Mystic Blast      Conjuration                  4
   f - Iskenderun's Battlesphere      Conjuration/Charms           5
Comestibles
 b - a bread ration
 k - a slice of pizza
 o - a beef jerky


   Skills:
 + Level 1.0 Fighting
 - Level 1.5 Dodging
 - Level 2.1 Stealth
 + Level 2.6 Spellcasting
 * Level 5.0 Conjurations


You had 6 spell levels left.
You knew the following spells:

 Your Spells              Type           Power        Failure   Level  Hunger
a - Magic Dart            Conj           ###.         8%          1    #......


Dungeon Overview and Level Annotations

Branches:
Dungeon (2/15)

Altars:
Trog

Annotations:
D:2 Robin


Innate Abilities, Weirdness & Mutations

You are resistant to torment.
((Your stone body is resilient (AC +3).))
You are immune to poison.
You resist negative energy.
((You are resistant to electric shocks.))
((You can survive without breathing.))
You are immune to petrification.
You are immune to rotting.
Your mind is acute. (Int +2)
You are weak. (Str -2)
Potions and wands are less effective at restoring your health.


Message History

As you read the scroll labeled HOBRIU UBBE, it crumbles to dust.
You feel blessed for a moment.
It was a scroll of remove curse.
The goblin misses you. The goblin barely misses you.
You have no means to grasp a wand firmly enough.
You hit the goblin but do no damage.
The goblin is moderately wounded.
The goblin closely misses you. The goblin completely misses you.
You hit the goblin but do no damage.
The goblin is moderately wounded.
The goblin misses you.
You hit the goblin but do no damage.
The goblin is moderately wounded.
The goblin hits you with a dagger.
* * * LOW HITPOINT WARNING * * *
As you read the scroll labeled AZONYW TUYSU, it crumbles to dust.
You hear a loud clanging noise!
It was a scroll of noise.
You hear a shout! x2
The goblin hits you with a dagger.
You die...

# #.###.##.##.#...#.#######
#. #.............#...# #####
#.######.##.####.....###....
#.# #.##.# ##.#......### #g#
#.##.#####.##.#####
#)###.##......>.#.#
##gg..########..#.#
##.############..#.#
##.####..gbg........####
#......g########.....<.#
#.######## ##.####.# ## #.#
#.#### #.# #.....
#.######### #..........
###########


You could see Robin and 2 goblins.

Vanquished Creatures
  2 giant cockroaches
  8 goblins
  4 hobgoblins
  2 jackals (D:2)
  5 bats
  3 giant newts (D:1)
  7 kobolds
  3 rats
34 creatures vanquished.

Notes
Turn   | Place    | Note
--------------------------------------------------------------
     0 | D:1      | DeadSlay, the Gargoyle Conjurer, began the quest for the Orb.
     0 | D:1      | Reached XP level 1. HP: 10/10 MP: 3/3
   434 | D:1      | Reached XP level 2. HP: 9/15 MP: 5/5
  1284 | D:2      | Reached XP level 3. HP: 17/20 MP: 3/6
  1335 | D:2      | Found a bloodstained altar of Trog.
  1364 | D:2      | Reached skill level 1 in Fighting
  1616 | D:2      | Noticed Robin
  1621 | D:2      | Reached skill level 5 in Conjurations
  1627 | D:2      | Gained mutation: Your mind is acute. (Int +2) [potion of mutation]
  1627 | D:2      | Gained mutation: Potions and wands are less effective at restoring your health. [potion of mutation]
  1627 | D:2      | Gained mutation: You are weak. (Str -2) [potion of mutation]
  1661 | D:2      | HP: 1/20 [goblin/dagger[Robin] (3)]
  1662 | D:2      | Slain by a goblin

Action                   || total
-------------------------++-------
Melee: Spear             ||    71
       Unarmed           ||    20
       Club              ||     5
 Cast: Magic Dart        ||    36
  Use: Scroll            ||     2
       Potion            ||     2
 Stab: Sleeping          ||     1
  Eat: Chunk             ||     2
